Selects Indian Artillery Battlegroup
Selects Indian Artillery Battlegroup
Construct Section Command Post
Construct Platoon Command Post
Selects Towed ML 4.2-inch Heavy Mortar
Towed ML 4.2-inch Heavy Mortar
6-pounder Anti-tank Gun Team
6-pounder Anti-tank Gun Team
Construct Company Command Post
Selects Gurkha Rifles Section
Selects Off-map Airburst Barrage
Unlock M3 Grant Medium Tanks
6-pounder Anti-tank Gun Team